 Dungeon Crawl Stone Soup version 0.30-a0-322-g102857c98e (webtiles) character file.

Game seed: 13197995448363977813

42 lunkers the Cutter (level 4, -3/11 (36) HPs)
             Began as a Meteoran Reaver on Oct 27, 2022.
             Slain by a worm (7 damage)
             ... on level 3 of the Dungeon.
             The game lasted 00:01:45 (729 turns).

lunkers the Cutter (Meteoran Reaver)                 Turns: 729, Time: 00:01:46

HP:   -3/11 (36)    AC:  4    Str: 13    XL:     4   Next: 5%
MP:   9/9           EV: 12    Int: 15    God:
Gold: 78            SH:  0    Dex: 14    Spells: 7/8 levels left

rFire   . . .      SeeInvis +    a - +0 short sword
rCold   . . .      Faith    .    (no shield)
rNeg    . . .      Spirit   .    b - +0 leather armour
rPois   .          Reflect  .    (no helmet)
rElec   .          Harm     .    (no cloak)
rCorr   .          Rampage  .    (no gloves)
Will    .....                    g - +0 pair of boots
Stlth   +.........               (no amulet)
HPRegen 0.21/turn                n - ring of see invisible
MPRegen 0.11/turn                (no ring)

@: glowing, extremely drained
A: sense surroundings 1, otherworldly, glowing, explore regen
a: no special abilities


You were on level 3 of the Dungeon.
You visited 1 branch of the dungeon, and saw 3 of its levels.

You collected 78 gold pieces.

Inventory:

Hand Weapons
 a - a +0 short sword (weapon)
 d - a +0 sling of flaming
Armour
 b - a +0 leather armour (worn)
 g - a +0 pair of boots (worn)
Jewellery
 n - a ring of see invisible (left hand)
Scrolls
 e - a scroll of teleportation {unknown}
 i - a scroll of enchant armour {unknown}
Potions
 c - a potion of resistance {unknown}
 f - a potion of curing {unknown}
 h - 2 potions of heal wounds {unknown}
 j - a potion of berserk rage {unknown}
 k - a potion of attraction {unknown}
 l - a potion of ambrosia {unknown}
 m - a potion of haste {unknown}


   Skills:
 - Level 2.1 Fighting
 + Level 4.9 Short Blades
 - Level 2.4 Dodging
 - Level 2.6 Spellcasting
 - Level 3.6 Conjurations


You had 7 spell levels left.
You knew the following spells:

 Your Spells              Type           Power      Damage    Failure   Level
p - Kiss of Death         Conj/Necr      28%        2d7       13%         1

Your spell library contained the following spells:

 Spells                   Type           Power      Damage    Failure   Level
 Momentum Strike          Conj/Tloc      14%        3d8       19%         2
 Ensorcelled Hibernation  Hex/Ice        4%         N/A       36%         2
 Passwall                 Tmut/Erth      1%         N/A       36%         2
 Sublimation of Blood     Necr           2%         N/A       36%         2
 Hailstorm                Conj/Ice       7%         3d4       36%         3
 Mephitic Cloud           Conj/Pois/Air  5%         N/A       43%         3
 Swiftness                Air            2%         N/A       61%         3
 Dispel Undead            Necr           2%         3d7       95%         4


Dungeon Overview and Level Annotations

Branches:
Dungeon (3/15) Zot: 1092

Altars:

Shops:
D:1 (   D:2 ?


Innate Abilities, Weirdness & Mutations

You passively map a small area around you.
You are easily found by Zot.
You glow in the dark.
You regain HP and MP as you explore.


Message History

Things that are here:
a +0 flail; a +0 ring mail; an orc corpse You now have 78 gold pieces (gained 16).
Magic restored.
HP restored.
You open the door.
A worm and a kobold come into view.
The kobold shouts!
A kobold comes into view. It is wielding a +0 whip.
Found a scroll labelled SEFUCVOHUE.
There are monsters nearby!
Found 4 stones.
The kobold shouts!
The kobold throws a stone.
The stone misses you.
There is an open door here.
You hit the worm.
The worm is moderately wounded.
You barely miss the worm.
The worm is moderately wounded.
The worm bites you.
You hit the worm. You punch the worm, but do no damage.
The worm is moderately wounded.
You hit the worm but do no damage. You punch the worm.
The worm is heavily wounded.
You barely miss the worm.
The worm is heavily wounded.
The worm bites you.
* * * LOW HITPOINT WARNING * * *
You hit the worm.
The worm is severely wounded.
You barely miss the worm.
The worm is severely wounded.
The worm bites you but does no damage.
You hit the worm.
The worm is severely wounded.
You hit the worm.
The worm is almost dead.
The worm bites you!
Ouch! That really hurt!
You die...

, * * ### #. *# , ..# #.
#., ** *#.# #. ##..* #.#
### #. ....# ##.####.##
#. , .....# ##...##.#.##
##. ......# #......###.##
#.. * (......##.....##
##.###.# ,,
......Kw@......# #.......
*
..?...K###....#.#.#######
......# ###.###.#* #
.....# ### #.# * * #...#
* *# # ##+# , , ,


You could see a worm and 2 kobolds.

Vanquished Creatures
  2 adders (D:2)
  3 orcs (D:3)
  A ball python (D:1)
  A bat (D:1)
  2 endoplasms (D:2)
  2 giant cockroaches
  A hobgoblin (D:1)
  2 jackals (D:1)
  A frilled lizard (D:2)
  3 goblins (D:2)
  A kobold (D:2)
19 creatures vanquished.

Notes
Turn   | Place    | Note
-------+----------+-------------------------------------------
     0 | D:1      | lunkers the Meteoran Reaver began the quest for the Orb.
     0 | D:1      | Reached XP level 1. HP: 17/17 MP: 5/5
    60 | D:1      | Found Rozudem's Antique Weapon Emporium.
   161 | D:1      | Reached XP level 2. HP: 24/24 MP: 6/6
   278 | D:2      | Reached skill level 4 in Short Blades
   281 | D:2      | Found Ythrecko's Magic Scroll Shop.
   440 | D:2      | Identified the +2 buckler of the Cobbler {-Cast rN+++ rCorr
                  | Dex-5}
   539 | D:2      | Got the Grimoire of Shadowy Poisoning
   578 | D:2      | Reached XP level 3. HP: 12/22 MP: 4/8
   667 | D:3      | HP: 1/25 [orc/+0 flail (7)]
   672 | D:3      | Reached XP level 4. HP: 2/23 MP: 6/9
   729 | D:3      | Slain by a worm

Illustrated notes

Levels and vault maps discovered:
D:1:      nicolae_arrival_washed_ashore, layout_basic, serial_shops,
          shop_statue, moated_statue
D:2:      layout_basic, serial_shops, shop, ebering_ecumenical_altar_mist
D:3:      layout_loops_corners, serial_shops, nicolae_shop_waterfront,
          kennysheep_potato

Skill      XL: |  1  2 |
---------------+-------+-----
Short Blades   | 4 |  4.9
Fighting       | |  2.1
Dodging        | |  2.4
Spellcasting   | |  2.6
Conjurations   | |  3.6

Action                   |  1- 3 |  4- 6 || total
-------------------------+-------+-------++-------
Melee: Short sword       |    98 |    10 ||   108
       Punch             |     1 |     2 ||     3
 Cast: Kiss of Death     |     4 |     2 ||     6
Armor: Leather armour    |    27 |     2 ||    29
Dodge: Dodged            |    45 |     1 ||    46

Table legend: (Time is in decaauts)
 A = Elapsed time spent in this place.
 B = Non-inter-level travel time spent in this place.
 C = Inter-level travel time spent in this place.
 D = Time resting spent in this place.
 E = Time spent auto-exploring this place.
 F = Levels seen in this place.
 G = Mean time per level.
                   A        B        C        D        E       F      G
               +--------+--------+--------+--------+--------+-----+--------+
         Total |    706 |    669 |     37 |      0 |    442 |   3 |  235.3 |
       Dungeon |    706 |    669 |     37 |      0 |    442 |   3 |  235.3 |
               +--------+--------+--------+--------+--------+-----+--------+

Top non-repeatable levels by time:
     D:2: 381 daAuts
     D:1: 258 daAuts
     D:3: 66 daAuts
